Map: Glittering Ashes LE

Players

Omahaakid

  • Race: Zerg Zerg
  • League: Master
  • Spawn Location: 7:00

Pumba - Winner!

  • Race: Protoss Protoss
  • League: Master
  • Spawn Location: 1:00

VOD

Have the link to the VOD?

Description

Time

  • Played on: April 5, 2022, 8:14 p.m.
  • Length: 4:27
Show
View Real Time Build Order
Export as new Build Order

Omahaakid Zerg 

Build Orders: 1 Base Baneling Bust, Pool Only 

Get SALT Encoding   

  12  0:18  Spawning Pool  
  11  0:21  Drone  
  11  0:25  Drone  
  13  0:30  Drone  
  13  0:34  Extractor  
  13  0:45  Overlord  
  13  1:05  Zergling x6  
  13  1:09  Queen  
  18  1:16  Zergling x2  
  19  1:27  Zergling x2  
  20  1:34  Metabolic Boost  
  20  1:37  Zergling x2  
  21  1:48  Overlord  
  21  1:59  Zergling x2  
  22  2:10  Zergling x2  
  22  2:12  Baneling Nest  
  20  2:32  Zergling x2  
  20  2:33  Zergling x2  
  19  2:46  Zergling x4  
  19  2:48  Zergling x2  
  21  3:05  Zergling x2  
  21  3:10  Zergling x2  
  22  3:20  Zergling x2  
  22  3:21  Zergling x4  
  22  3:23  Zergling x2  
  22  3:24  Baneling x5  
  26  3:29  Baneling  
  26  3:33  Zergling x2  
Show
View Real Time Build Order
Export as new Build Order

Pumba Protoss - Winner!

Build Orders:  

Get SALT Encoding   

  12  0:00  Probe  
  13  0:13  Pylon  
  13  0:18  Probe (Chrono Boost)  
  15  0:28  Probe (Chrono Boost)  
  15  0:33  Probe (Chrono Boost)  
  16  0:43  Gateway  
  16  0:44  Probe  
  16  0:49  Assimilator  
  17  0:56  Probe  
  18  1:08  Probe  
  19  1:17  Gateway  
  19  1:21  Probe  
  19  1:24  Pylon  
  20  1:30  Gateway  
  20  1:33  Cybernetics Core  
  20  1:34  Zealot (Chrono Boost)  
  22  1:42  Assimilator  
  22  1:43  Probe  
  23  1:52  Zealot (Chrono Boost)  
  25  2:02  Probe  
  26  2:15  Shield Battery  
  28  2:16  Adept (Chrono Boost)  
  28  2:19  Probe  
  27  2:49  Stargate  
  26  2:56  Stalker  
  28  2:59  Gateway  
  28  3:07  Gateway, Pylon  
  28  3:15  Gateway  
  28  3:24  Probe  
  29  3:27  Shield Battery  
  29  3:36  Probe  
  29  3:41  Void Ray (Chrono Boost)  
  34  3:48  Gateway  
  34  3:53  Gateway  
  27  4:23  Gateway  
Tags
 
Add a new tag
Caveats
  • Supply blocks, unpowered buildings, or Contaminate may cause inaccurate times.
  • Supply counts are checked every 10 seconds.